 Dungeon Sprint DCSS version 0.17-a0-1914-gde4187c (webtiles) character file.

263 kosy22 the Ruffian (level 5, -1/59 HPs)
             Began as a Troll Berserker on Sept 26, 2015.
             Was an Elder of Trog.
             Killed from afar by a gargoyle (16 damage)
             ... with a stone arrow
             ... in the Dungeon (Sprint IX: "|||||||||||||||||||||||||||||").
             The game lasted 00:02:33 (500 turns).

kosy22 the Ruffian (Troll Berserker)                 Turns: 500, Time: 00:02:33

Health: -1/59      AC:  7    Str: 26    XL:     5   Next: 98%
Magic:  4/4        EV: 14    Int:  3    God:    Trog [****..]
Gold:   0          SH:  0    Dex:  9    Spells: 0 memorised, 4 levels left

rFire  . . .     SeeInvis .     m - +4 quarterstaff (speed)
rCold  . . .     Clarity  .     a - +0 animal skin
rNeg   . . .     SustAt   .     (no shield)
rPois  .         Gourm    +     (helmet restricted)
rElec  .         Spirit   .     (no cloak)
rCorr  .         Warding  .     (gloves unavailable)
rMut   .         NoTele   +     (boots unavailable)
MR     ++...                    (no amulet)
Stlth  +.........               p - +2 ring of evasion
                                o - +2 ring of protection

@: exhausted, regenerating, very resistant to hostile enchantments, very
unstealthy
A: unfitting armour, claws 3, fast metabolism 3, gourmand, regeneration 2,
shaggy fur 1, tough skin 2
a: Burn Spellbooks, Berserk, Trog's Hand, Brothers in Arms, Renounce Religion


You were in the Dungeon.
You worshipped Trog.
Trog was greatly pleased with you.
You were not hungry.

You visited 1 branch

Inventory:

Hand weapons
 m - a +4 quarterstaff of speed (weapon)
Armour
 a - a +0 animal skin (worn)
 n - a +0 cloak
Magical staves
 l - an uncursed staff of energy
Jewellery
 o - a +2 ring of protection (left claw)
 p - a +2 ring of evasion (right claw)
Magical devices
 k - a wand of fire (7)
Scrolls
 i - 3 scrolls of remove curse
Potions
 c - 5 potions of curing
 e - a potion of haste
 f - 4 potions of magic
 g - a potion of berserk rage
 h - a potion of invisibility
Comestibles
 b - a bread ration


   Skills:
 + Level 6.3 Fighting
 + Level 0.8 Staves
 + Level 6.7 Dodging
 + Level 0.3 Stealth
 + Level 7.5 Unarmed Combat


You had 4 spell levels left.
You didn't know any spells.

Dungeon Overview and Level Annotations

Branches:
Dungeon (1/1)

Altars:
Cheibriados
Dithmenos
Elyvilon
Fedhas
Gozag
Kikubaaqudgha
Makhleb
Nemelex Xobeh
Okawaru
Qazlal
Ru
Sif Muna
Trog
Vehumet
Xom
Yredelemnul
Zin
The Shining One
Beogh
Jiyva
Lugonu


Innate Abilities, Weirdness & Mutations

You are too large for most types of armour.
You have claws for hands.
Your metabolism is lightning-fast.
You like to eat raw meat.
You heal very quickly.
You are covered in fur (AC +1).
You have very tough skin (AC +2).


Message History

You sock the gargoyle!
The gargoyle is heavily damaged.
The gargoyle hits you with a mace!
The gargoyle hurls a stone arrow at you.
The stone arrow hits you!
Items here: ))))) a +2 scimitar of slicing; a +2 halberd of venom; a +2 dire flail of crushing a +3 war axe of chopping; a +2 rapier of draining You hit the gargoyle but do no damage.
The gargoyle is heavily damaged.
The gargoyle barely misses you.
You feel the effects of Trog's Hand fading.
The gargoyle hurls a stone arrow at you.
The stone arrow hits you!
* * * LOW HITPOINT WARNING * * *
You see here 2 scrolls of amnesia.
The gargoyle barely misses you.
The gargoyle hurls a stone arrow at you.
The stone arrow hits you!
You die... ▓▓▓▓▓▓▓▓▓▓▓▓▓▓▓▓▓▓▓▓▓▓▓▓▓▓▓▓▓▓▓ J9Z...'..[[J9.@.'______________ ▓▓▓▓▓▓▓▓▓▓▓▓▓▓▓▓▓▓▓▓▓▓▓▓▓▓▓▓▓▓▓

You could see a gargoyle and a jelly.

Vanquished Creatures
  A wyvern (D)
  A crocodile (D)
  A worker ant (D)
  An adder (D)
  A shadow imp (D)
  An adder zombie (D)
  A giant gecko (D)
  A bat (D)
  A giant cockroach (D)
  A hobgoblin (D)
  A quokka zombie (D)
  3 rats (D)
14 creatures vanquished.

Notes
Turn   | Place    | Note
--------------------------------------------------------------
     0 | D        | kosy22 the Troll Berserker began the quest for the Orb.
     0 | D        | Reached XP level 1. HP: 22/22 MP: 0/0
    12 | D        | Acquired Trog's second power
    21 | D        | Noticed a worker ant
    26 | D        | Killed a worker ant
    26 | D        | Reached skill level 4 in Unarmed Combat
    26 | D        | Reached XP level 2. HP: 14/32 MP: 1/1
    39 | D        | Reached XP level 3. HP: 33/39 MP: 2/2
    53 | D        | Found a glowing silver altar of Zin.
    53 | D        | Found a glowing golden altar of the Shining One.
    53 | D        | Found an ancient bone altar of Kikubaaqudgha.
    53 | D        | Found a basalt altar of Yredelemnul.
    53 | D        | Found a shimmering altar of Xom.
    53 | D        | Found a radiant altar of Vehumet.
    54 | D        | Found an iron altar of Okawaru.
    55 | D        | Found a burning altar of Makhleb.
    56 | D        | Found a deep blue altar of Sif Muna.
    57 | D        | Found a bloodstained altar of Trog.
    58 | D        | Found a sparkling altar of Nemelex Xobeh.
    59 | D        | Found a white marble altar of Elyvilon.
    60 | D        | Found a roughly hewn altar of Beogh.
    61 | D        | Found a viscous altar of Jiyva.
    62 | D        | Found a corrupted altar of Lugonu.
    63 | D        | Found a blossoming altar of Fedhas.
    64 | D        | Found a snail-covered altar of Cheibriados.
    65 | D        | Found a shadowy altar of Dithmenos.
    66 | D        | Found a stormy altar of Qazlal.
    67 | D        | Found an opulent altar of Gozag.
   177 | D        | Found a sacrificial altar of Ru.
   451 | D        | Noticed a jelly
   451 | D        | Noticed a gargoyle
   451 | D        | Noticed a wyvern
   451 | D        | Noticed a crocodile
   459 | D        | Killed a crocodile
   459 | D        | Received a gift from Trog
   459 | D        | Reached skill level 5 in Fighting
   459 | D        | Reached skill level 5 in Dodging
   459 | D        | Reached skill level 5 in Unarmed Combat
   459 | D        | Reached XP level 4. HP: 50/50 MP: 3/3
   466 | D        | Killed a wyvern
   466 | D        | Reached skill level 6 in Fighting
   466 | D        | Reached skill level 7 in Unarmed Combat
   466 | D        | Reached XP level 5. HP: 40/59 MP: 4/4
   472 | D        | Acquired Trog's third power
   500 | D        | Killed from afar by a gargoyle

Vault maps used:
D:        linesprint

Action                   |  1- 3 |  4- 6 || total
-------------------------+-------+-------++-------
Melee: Unarmed           |    25 |       ||    25
       Quarterstaff      |     4 |    30 ||    34
Invok: Berserk           |     2 |       ||     2
       Trog's Hand       |     1 |     1 ||     2
  Use: Scroll            |     2 |       ||     2
       Potion            |       |     3 ||     3
  Eat: Bread ration      |     1 |       ||     1
